General information
- name: BNet
- type: Ladder team game (AT/RT)
- host: Battle.net
- saver: YouSaucyFag
map: MarketSquare
- players: 8
- length: 26:52
- speed: Fast
- version: 1.26 W3XP
- replay type: Public
» download(190 KB)
Players
team 1 (winner)

»
meganoob1 (
yellow | 33 APM | 877 actions | 26:52)
7 Far Seer
3 Feral Spirit
3 Chain Lighting
1 Earth Quake
4 Shadow Hunter
2 Healing Wave
2 Hex
» actions
| Assign group hotkey | 46 | |
| Build / train | 91 | |
| Enter build submenu | 14 | |
| Enter hero's abilities submenu | 11 | |
| Remove unit from queue | 1 | |
| Right click | 236 | |
| Select / deselect | 250 | |
| Select group hotkey | 156 | |
| Use ability | 72 | |
877 total
» units
| Peon | 11 | |
| Grunt | 4 | |
| Wind Rider | 26 | |
| Shaman | 10 | |
| Troll Batrider | 7 | |
58 total
» upgrades
| Armor | 4 | |
| Ranged Weapons | 3 | |
| Shaman Training | 2 | |
| Envenomed Spears | 1 | |
| Liquid Fire | 1 | |
| Pillage | 1 | |
12 total
» buildings
| Orc Burrow | 6 | |
| Altar of Storms | 1 | |
| War Mill | 1 | |
| Barracks | 1 | |
| Voodoo Lounge | 1 | |
| Stronghold | 1 | |
| Beastiary | 2 | |
| Spirit Lodge | 1 | |
| Fortress | 1 | |
| Great Hall | 1 | |
16 total
» build order
00:28 Orc Burrow
00:45 Altar of Storms
01:01 War Mill
01:23 Barracks
01:55 Orc Burrow
02:34 Voodoo Lounge
03:10 Stronghold
03:57 Orc Burrow
04:56 Orc Burrow
05:46 Beastiary
05:47 Beastiary
05:51 Spirit Lodge
07:57 Fortress
09:12 Orc Burrow
11:24 Orc Burrow
11:43 Great Hall
» items
| Healing Salve | 1 | |
| Orb of Lightning | 1 | |
| Lesser Clarity Potion | 1 | |
| Scroll of Town Portal | 2 | |
5 total

»
eric-davis (
blue | 45 APM | 1200 actions | 26:52)
5 Archmage
2 Summon Water Elemental
2 Brilliance Aura
1 Blizzard
4 Paladin
2 Holy Light
2 Divine Shield
4 Mountain King
2 Storm Bolt
1 Bash
1 Thunder Clap
» actions
| Assign group hotkey | 22 | |
| Build / train | 73 | |
| Enter build submenu | 22 | |
| Enter hero's abilities submenu | 13 | |
| Give item / drop item | 4 | |
| Remove unit from queue | 10 | |
| Right click | 744 | |
| Select / deselect | 211 | |
| Select group hotkey | 28 | |
| Use ability | 73 | |
1200 total
» units
| Peasant | 3 | |
| Footman | 6 | |
| Gryphon Rider | 8 | |
| Dragonhawk Rider | 4 | |
21 total
» upgrades
| Lumber Harvesting | 1 | |
| Storm Hammers | 1 | |
| Swords | 2 | |
| Plating | 1 | |
5 total
» buildings
| Altar of Kings | 1 | |
| Farm | 11 | |
| Barracks | 1 | |
| Scout Tower | 2 | |
| Lumber Mill | 1 | |
| Arcane Vault | 1 | |
| Keep | 1 | |
| Arcane Tower | 2 | |
| Blacksmith | 1 | |
| Castle | 1 | |
| Gryphon Aviary | 2 | |
| Town Hall | 1 | |
25 total
» build order
00:11 Altar of Kings
00:16 Farm
00:33 Barracks
00:56 Farm
01:40 Farm
01:52 Scout Tower
02:04 Lumber Mill
02:41 Arcane Vault
03:06 Farm
04:03 Keep
04:05 Arcane Tower
04:08 Scout Tower
04:13 Farm
05:32 Blacksmith
05:37 Farm
06:46 Castle
06:56 Farm
07:03 Gryphon Aviary
07:09 Gryphon Aviary
07:58 Arcane Tower
11:27 Farm
11:31 Farm
15:11 Farm
15:13 Farm
24:28 Town Hall
» items
| Scroll of Regeneration | 3 | |
| Potion of Lesser Invulnerability | 3 | |
| Boots of Speed | 2 | |
| Periapt of Vitality | 3 | |
| Scroll of Town Portal | 2 | |
| Potion of Invisibility | 1 | |
| Circlet of Nobility | 1 | |
| Staff of Sanctuary | 1 | |
| Potion of Healing | 1 | |
17 total

»
WATCH_uR_TV_SON (
purple | 68 APM | 1818 actions | 26:52)
9 Mountain King
3 Storm Bolt
3 Bash
1 Avatar
2 Thunder Clap
» actions
| Assign group hotkey | 53 | |
| Basic commands | 181 | |
| Build / train | 117 | |
| ESC pressed | 1 | |
| Enter build submenu | 28 | |
| Enter hero's abilities submenu | 9 | |
| Give item / drop item | 1 | |
| Right click | 732 | |
| Select / deselect | 437 | |
| Select group hotkey | 143 | |
| Use ability | 116 | |
1818 total
» units
| Peasant | 19 | |
| Footman | 7 | |
| Mortar Team | 13 | |
| Rifleman | 12 | |
| Flying Machine | 13 | |
64 total
» upgrades
| Gunpowder | 3 | |
| Fragmentation Shards | 1 | |
| Flare | 1 | |
| Armor | 3 | |
| Lumber Harvesting | 1 | |
| Plating | 1 | |
| Flak Cannons | 1 | |
11 total
» buildings
| Barracks | 1 | |
| Farm | 10 | |
| Altar of Kings | 1 | |
| Keep | 3 | |
| Arcane Vault | 2 | |
| Blacksmith | 1 | |
| Castle | 2 | |
| Workshop | 3 | |
| Town Hall | 1 | |
| Lumber Mill | 1 | |
| Gryphon Aviary | 2 | |
27 total
» build order
00:33 Barracks
00:36 Farm
00:56 Farm
01:07 Altar of Kings
01:41 Farm
02:25 Farm
02:42 Farm
03:04 Keep
03:04 Keep
03:27 Arcane Vault
03:42 Farm
03:43 Farm
05:03 Blacksmith
06:00 Castle
06:00 Castle
06:05 Farm
06:08 Farm
06:15 Workshop
06:17 Workshop
06:20 Workshop
08:14 Town Hall
14:02 Lumber Mill
18:23 Arcane Vault
19:26 Farm
19:29 Gryphon Aviary
21:45 Gryphon Aviary
» items
| Scroll of Regeneration | 7 | |
| Lesser Clarity Potion | 3 | |
| Scroll of Town Portal | 4 | |
| Potion of Healing | 2 | |
| Potion of Mana | 2 | |
18 total
YouSaucyFag (
green | 61 APM | 1636 actions | 26:52)
7 Blood Mage
3 Flame Strike
2 Siphon Mana
1 Summon Phoenix
1 Banish
» actions
| Assign group hotkey | 257 | |
| Basic commands | 30 | |
| Build / train | 92 | |
| Enter build submenu | 50 | |
| Enter hero's abilities submenu | 8 | |
| Remove unit from queue | 2 | |
| Right click | 576 | |
| Select / deselect | 337 | |
| Select group hotkey | 142 | |
| Use ability | 142 | |
1636 total
» units
| Peasant | 16 | |
| Footman | 5 | |
| Sorceress | 4 | |
25 total
» upgrades
| Lumber Harvesting | 2 | |
| Sorceress Training | 1 | |
| Masonry | 3 | |
| Magic Sentry | 1 | |
| Swords | 3 | |
| Armor | 3 | |
| Animal War Training | 1 | |
| Cloud | 1 | |
| Storm Hammers | 1 | |
16 total
» buildings
| Altar of Kings | 1 | |
| Barracks | 1 | |
| Farm | 4 | |
| Keep | 1 | |
| Arcane Vault | 2 | |
| Lumber Mill | 1 | |
| Town Hall | 2 | |
| Scout Tower | 40 | |
| Arcane Sanctum | 1 | |
| Guard Tower | 9 | |
| Arcane Tower | 4 | |
| Castle | 1 | |
| Blacksmith | 2 | |
| Gryphon Aviary | 6 | |
75 total
» build order
00:55 Altar of Kings
00:56 Barracks
01:06 Farm
01:07 Farm
01:08 Farm
02:38 Farm
03:23 Keep
03:42 Arcane Vault
04:03 Lumber Mill
04:45 Town Hall
06:05 Scout Tower
06:06 Scout Tower
06:06 Scout Tower
06:08 Scout Tower
06:10 Scout Tower
06:32 Arcane Sanctum
06:38 Scout Tower
06:38 Scout Tower
06:41 Scout Tower
06:44 Scout Tower
06:52 Guard Tower
07:43 Guard Tower
07:49 Arcane Tower
07:52 Arcane Tower
08:00 Scout Tower
08:01 Scout Tower
08:02 Scout Tower
08:03 Scout Tower
08:04 Scout Tower
08:04 Scout Tower
09:59 Castle
10:33 Guard Tower
11:20 Scout Tower
11:21 Scout Tower
11:21 Scout Tower
11:32 Scout Tower
11:33 Scout Tower
11:36 Scout Tower
12:10 Guard Tower
12:13 Arcane Tower
13:39 Arcane Tower
15:15 Blacksmith
15:16 Blacksmith
15:17 Gryphon Aviary
15:18 Gryphon Aviary
15:19 Gryphon Aviary
15:20 Gryphon Aviary
15:24 Gryphon Aviary
16:08 Gryphon Aviary
19:18 Scout Tower
19:18 Scout Tower
19:19 Scout Tower
19:21 Scout Tower
19:22 Scout Tower
19:22 Scout Tower
20:01 Scout Tower
20:01 Scout Tower
20:02 Scout Tower
20:02 Scout Tower
20:02 Scout Tower
20:31 Guard Tower
20:32 Guard Tower
20:33 Guard Tower
20:38 Town Hall
20:40 Scout Tower
20:41 Scout Tower
20:41 Scout Tower
20:42 Scout Tower
20:44 Scout Tower
20:44 Scout Tower
20:44 Scout Tower
20:45 Scout Tower
21:19 Guard Tower
21:23 Guard Tower
22:09 Guard Tower
25:06 Arcane Vault
» items
| Boots of Speed | 1 | |
| Staff of Teleportation | 1 | |
| Potion of Invisibility | 2 | |
| Periapt of Vitality | 1 | |
| Potion of Lesser Invulnerability | 2 | |
| Potion of Healing | 6 | |
| Potion of Mana | 2 | |
| Scroll of Regeneration | 4 | |
| Lesser Clarity Potion | 2 | |
| Scroll of Town Portal | 5 | |
26 total
team 2 (loser)
shadradoo (
red | 84 APM | 2224 actions | 26:33)
8 Archmage
3 Blizzard
3 Brilliance Aura
1 Mass Teleport
1 Summon Water Elemental
1 Death Knight
1 Unholy Aura
» actions
| Assign group hotkey | 8 | |
| Basic commands | 19 | |
| Build / train | 66 | |
| Enter build submenu | 22 | |
| Enter hero's abilities submenu | 9 | |
| Give item / drop item | 16 | |
| Remove unit from queue | 2 | |
| Right click | 1411 | |
| Select / deselect | 304 | |
| Select group hotkey | 260 | |
| Use ability | 107 | |
2224 total
» units
| Peasant | 11 | |
| Gryphon Rider | 3 | |
| Dragonhawk Rider | 4 | |
18 total
» upgrades
| Swords | 2 | |
| Armor | 2 | |
| Animal War Training | 1 | |
| Storm Hammers | 1 | |
| Cloud | 1 | |
7 total
» buildings
| Altar of Kings | 1 | |
| Farm | 10 | |
| Arcane Vault | 1 | |
| Lumber Mill | 1 | |
| Scout Tower | 3 | |
| Arcane Tower | 2 | |
| Guard Tower | 6 | |
| Keep | 2 | |
| Blacksmith | 1 | |
| Gryphon Aviary | 2 | |
| Castle | 1 | |
| Barracks | 1 | |
31 total
» build order
00:07 Altar of Kings
00:15 Farm
01:22 Arcane Vault
01:32 Lumber Mill
01:53 Farm
02:14 Scout Tower
02:29 Scout Tower
02:43 Arcane Tower
03:05 Guard Tower
03:06 Guard Tower
03:10 Scout Tower
03:44 Guard Tower
03:46 Keep
03:58 Guard Tower
03:58 Guard Tower
04:11 Blacksmith
04:14 Farm
04:24 Farm
04:37 Farm
06:16 Gryphon Aviary
06:17 Gryphon Aviary
06:45 Castle
07:33 Farm
07:47 Barracks
08:41 Farm
11:03 Farm
13:52 Farm
15:23 Farm
» items
| Scroll of Regeneration | 4 | |
| Boots of Speed | 1 | |
| Periapt of Vitality | 5 | |
| Healing Salve | 1 | |
| Potion of Healing | 3 | |
14 total
WobbleWobble (
pink | 45 APM | 1196 actions | 26:47)
4 Blademaster
2 Wind Walk
2 Critical Strike
» actions
| Basic commands | 22 | |
| Build / train | 75 | |
| Enter build submenu | 28 | |
| Enter hero's abilities submenu | 4 | |
| Remove unit from queue | 1 | |
| Right click | 664 | |
| Select / deselect | 334 | |
| Use ability | 68 | |
1196 total
» units
| Peon | 20 | |
| Grunt | 8 | |
| Shaman | 6 | |
| Tauren | 9 | |
| Crypt Fiend | 6 | |
| Troll Witch Doctor | 2 | |
| Acolyte | 4 | |
| Troll Batrider | 2 | |
57 total
» upgrades
| Armor | 2 | |
| Shaman Training | 2 | |
| Witch Doctor Training | 2 | |
| Berserker Strength | 0 | |
6 total
» buildings
| Altar of Storms | 1 | |
| Orc Burrow | 7 | |
| Barracks | 1 | |
| War Mill | 1 | |
| Stronghold | 1 | |
| Voodoo Lounge | 1 | |
| Watch Tower | 7 | |
| Great Hall | 1 | |
| Spirit Lodge | 1 | |
| Fortress | 1 | |
| Tauren Totem | 2 | |
| Ziggurat | 1 | |
| Beastiary | 1 | |
26 total
» build order
00:31 Altar of Storms
00:47 Orc Burrow
01:24 Barracks
01:56 Orc Burrow
02:43 War Mill
04:07 Stronghold
05:07 Orc Burrow
05:11 Voodoo Lounge
05:33 Watch Tower
06:25 Orc Burrow
06:49 Great Hall
07:18 Spirit Lodge
07:23 Orc Burrow
08:14 Watch Tower
08:19 Watch Tower
09:49 Fortress
12:11 Tauren Totem
12:16 Tauren Totem
13:49 Orc Burrow
13:52 Orc Burrow
15:16 Watch Tower
15:18 Watch Tower
15:20 Watch Tower
15:23 Watch Tower
18:50 Ziggurat
22:07 Beastiary
» items
| Healing Salve | 1 | |
| Potion of Healing | 1 | |
| Scroll of Town Portal | 2 | |
4 total
Str80ffTheBoat (
teal | 41 APM | 665 actions | 16:07)
3 Death Knight
2 Death Coil
1 Unholy Aura
» actions
| Basic commands | 37 | |
| Build / train | 39 | |
| Enter build submenu | 19 | |
| Enter hero's abilities submenu | 3 | |
| Right click | 333 | |
| Select / deselect | 210 | |
| Use ability | 24 | |
665 total
» units
| Acolyte | 8 | |
| Ghoul | 7 | |
| Crypt Fiend | 12 | |
27 total
» upgrades
| Creature Attack | 1 | |
| Creature Carapace | 1 | |
| Web | 1 | |
3 total
» buildings
| Altar of Darkness | 2 | |
| Ziggurat | 5 | |
| Crypt | 1 | |
| Graveyard | 1 | |
| Tomb of Relics | 1 | |
| Spirit Tower | 3 | |
| Halls of the Dead | 1 | |
| Black Citadel | 1 | |
15 total
» build order
00:07 Altar of Darkness
00:11 Altar of Darkness
00:14 Ziggurat
00:36 Crypt
01:02 Graveyard
01:52 Ziggurat
02:30 Tomb of Relics
03:34 Spirit Tower
03:44 Ziggurat
04:09 Spirit Tower
05:16 Halls of the Dead
06:11 Ziggurat
07:58 Black Citadel
13:52 Ziggurat
13:53 Spirit Tower

»
Bravekd (
orange | 59 APM | 1587 actions | 26:51)
4 Mountain King
2 Storm Bolt
2 Bash
4 Paladin
2 Holy Light
2 Divine Shield
5 Blood Mage
2 Banish
2 Flame Strike
1 Siphon Mana
» actions
| Assign group hotkey | 34 | |
| Basic commands | 243 | |
| Build / train | 110 | |
| ESC pressed | 2 | |
| Enter build submenu | 28 | |
| Enter hero's abilities submenu | 13 | |
| Remove unit from queue | 2 | |
| Right click | 278 | |
| Select / deselect | 417 | |
| Select group hotkey | 392 | |
| Use ability | 68 | |
1587 total
» units
| Peasant | 27 | |
| Footman | 4 | |
| Rifleman | 11 | |
| Priest | 2 | |
| Sorceress | 1 | |
| Siege Engine | 1 | |
| Flying Machine | 27 | |
| Spell Breaker | 1 | |
74 total
» upgrades
| Gunpowder | 3 | |
| Armor | 1 | |
| Lumber Harvesting | 1 | |
| Flying Machine Bombs | 1 | |
| Flak Cannons | 1 | |
7 total
» buildings
| Altar of Kings | 1 | |
| Farm | 12 | |
| Barracks | 1 | |
| Blacksmith | 1 | |
| Scout Tower | 3 | |
| Arcane Tower | 1 | |
| Town Hall | 1 | |
| Keep | 2 | |
| Lumber Mill | 1 | |
| Castle | 1 | |
| Arcane Sanctum | 1 | |
| Workshop | 2 | |
| Guard Tower | 1 | |
| Arcane Vault | 1 | |
29 total
» build order
00:22 Altar of Kings
00:27 Farm
01:09 Barracks
01:15 Farm
01:57 Farm
02:13 Farm
02:31 Blacksmith
02:50 Farm
03:45 Farm
04:05 Scout Tower
04:09 Scout Tower
05:01 Farm
05:17 Arcane Tower
05:30 Town Hall
05:56 Scout Tower
06:28 Keep
06:28 Keep
07:32 Lumber Mill
09:08 Castle
09:13 Arcane Sanctum
09:16 Farm
10:01 Workshop
10:16 Farm
11:14 Farm
12:13 Guard Tower
12:17 Farm
13:25 Arcane Vault
13:36 Workshop
23:50 Farm
» items
| Scroll of Town Portal | 2 | |
| Orb of Fire | 1 | |
| Scroll of Regeneration | 1 | |
| Potion of Healing | 1 | |
5 total
Chat log
(00:08 / Allies) WATCH_uR_TV_SON: hi
(00:10 / Allies) YouSaucyFag: hope to give teal some revenge
(00:18 / Allies) YouSaucyFag: talks shit when he gets lucky to get in a team with 4 fiend massers
(00:18 / Allies) WATCH_uR_TV_SON: he beat u?
(00:24 / All) shadradoo: purp ur name sounds familiar
(00:28 / Allies) WATCH_uR_TV_SON: lets fuck him up
(00:30 / All) WATCH_uR_TV_SON: mine?
(00:33 / All) shadradoo: yeah
(00:39 / All) WobbleWobble: no the other purple -_-
(00:47 / Allies) eric-davis: how do i get a hero?
(00:49 / All) WATCH_uR_TV_SON: maybe it had to do with me winning almost every tourn 1 year ago
(01:01 / All) WATCH_uR_TV_SON: and beign rank 1 in 3s
(01:06 / All) shadradoo: i didnt ask for you to brag
(01:11 / All) WATCH_uR_TV_SON: i didnt lol
(01:12 / All) shadradoo: i just thought you sounded familiar
(01:14 / All) WATCH_uR_TV_SON: just saying
(01:15 / All) WobbleWobble: LOL
(01:17 / All) WATCH_uR_TV_SON: how u would kno me
(01:25 / All) shadradoo: maybe a clan
(01:27 / All) WATCH_uR_TV_SON: no
(01:28 / All) WobbleWobble: cuz we hate you
(01:32 / All) WATCH_uR_TV_SON: rem MORTS
(01:34 / All) WATCH_uR_TV_SON: in 3s?
(01:38 / All) WATCH_uR_TV_SON: u getting morted
(01:47 / All) shadradoo: i dont recall
(01:48 / All) WATCH_uR_TV_SON: thats the main way ppl kno me
(01:57 / All) WATCH_uR_TV_SON: clan TV
(01:58 / All) WATCH_uR_TV_SON: clan olth
(02:08 / All) shadradoo: yeah olth was it lol
(02:17 / All) WATCH_uR_TV_SON: ya i was shaman
(02:18 / All) WATCH_uR_TV_SON: lol
(02:25 / All) shadradoo: uhh remember darkpanther or whatever
(02:30 / All) WATCH_uR_TV_SON: ahh he was soo bad
(02:34 / All) shadradoo: LOL
(02:38 / All) shadradoo: yeah he was
(02:41 / All) shadradoo: but he was funny as shit
(02:48 / All) WATCH_uR_TV_SON: all i kno is
(02:51 / All) WATCH_uR_TV_SON: me carrying him
(02:55 / All) WATCH_uR_TV_SON: and him complaining
(03:01 / Allies) YouSaucyFag: 4 fiend massers and my team teching and shit
(03:04 / All) shadradoo: most likely xD
(03:17 / All) WATCH_uR_TV_SON: we used to ghoul rush ppl lol
(03:23 / All) WATCH_uR_TV_SON: cuz that was the only thing he could od
(03:33 / All) WATCH_uR_TV_SON: do*
(03:37 / All) shadradoo: yeah lol
(03:49 / All) WATCH_uR_TV_SON: if u wanna at some afer
(03:51 / All) WATCH_uR_TV_SON: lmk
(03:54 / All) WATCH_uR_TV_SON: im bored as fuck
(04:02 / All) WATCH_uR_TV_SON: just came back
(04:05 / All) shadradoo: thought you retired
(04:09 / All) WATCH_uR_TV_SON: ^^
(04:15 / All) WATCH_uR_TV_SON: u never fuly retire lol
(04:20 / All) shadradoo: tis the truth haha
(04:34 / All) WATCH_uR_TV_SON: i wish i had fucking zmap
(04:44 / All) shadradoo: haha
(04:47 / All) WATCH_uR_TV_SON: 99% of this game hacks now
(04:54 / All) WATCH_uR_TV_SON: i always had to mort to
(04:57 / All) WATCH_uR_TV_SON: counter hack
(04:59 / All) WATCH_uR_TV_SON: with flare lol
(05:01 / All) eric-davis: no more mh
(05:02 / All) shadradoo: LOL
(05:05 / All) shadradoo: yeah
(05:07 / All) WATCH_uR_TV_SON: no shit lol
(05:11 / All) WATCH_uR_TV_SON: thats why i morted lol
(05:30 / All) shadradoo: i just fuck around i n4s
(05:33 / All) shadradoo: kinda fun
(08:26 / All) YouSaucyFag: |HEY NIGGER
(08:31 / All) YouSaucyFag: YOU UFCKING SUCK LOL
(08:31 / All) shadradoo: |LOL
(08:54 / All) YouSaucyFag: LOL
(08:56 / All) WATCH_uR_TV_SON: lol
(09:02 / All) WATCH_uR_TV_SON: 2 heroes down
(09:03 / All) shadradoo: that was so uncalled for green lol
(09:16 / All) YouSaucyFag: nah he talked shit last game he got fortunate to get on a team of fiend massers
(09:27 / All) shadradoo: i feel you
(09:54 / All) Str80ffTheBoat: niggers take this game way too serious..lol
(10:05 / All) YouSaucyFag: I hate nubs that talk shit when they are on a lop sided team
(10:23 / All) Str80ffTheBoat: damn, youre fuckin badass man
(10:31 / All) Str80ffTheBoat: umad?
(10:45 / All) YouSaucyFag: nice gold mine
(10:49 / All) YouSaucyFag: it was a nice gold mine anyway
(11:09 / All) shadradoo: maybe teal is black
(11:13 / All) shadradoo: he has no work ethic
(11:50 / All) Str80ffTheBoat: ??? im sorry i got my gold mine fucked
(12:02 / All) shadradoo: which is why you have no work ethic
(12:13 / All) Str80ffTheBoat: this guy
(12:31 / All) shadradoo: jesus christ get me out of here
(12:56 / All) shadradoo: my team is ass
(12:59 / All) shadradoo: lol
(14:00 / Allies) WATCH_uR_TV_SON: wood?
(14:08 / All) WobbleWobble: green your sooo annoying
(14:10 / All) YouSaucyFag: lawl
(14:18 / All) YouSaucyFag: this is what I was gonna do vs the 4 |UD
(14:19 / All) YouSaucyFag: but
(14:21 / All) YouSaucyFag: they mass fiend rush
(14:38 / All) shadradoo: we are fucked lol
(14:39 / Allies) WATCH_uR_TV_SON: watch his hero
(16:00 / All) WATCH_uR_TV_SON: LOL
(16:02 / All) shadradoo: HAHAHAH
(16:04 / All) WATCH_uR_TV_SON: fear the MK
(16:07 / All) WATCH_uR_TV_SON: nigga
(16:10 / All) shadradoo: BOOOOOM
(16:11 / All) WobbleWobble: lol
(16:15 / All) WATCH_uR_TV_SON: any1 wanna at?
(16:19 / All) WATCH_uR_TV_SON: uif ur good
(16:20 / All) WATCH_uR_TV_SON: clan inc
(16:26 / All) Bravekd: would you at with me lol?
(16:37 / All) YouSaucyFag: why'd teal leave he's really good
(16:55 / All) WATCH_uR_TV_SON: FUCK U
(16:57 / All) WATCH_uR_TV_SON: PINK
(17:01 / All) WATCH_uR_TV_SON: LOLOLOL
(17:09 / Allies) WATCH_uR_TV_SON: i need help
(17:12 / Allies) WATCH_uR_TV_SON: air support plz
(17:22 / Allies) WATCH_uR_TV_SON: tp please
(17:23 / Allies) WATCH_uR_TV_SON: lol
(17:25 / All) shadradoo: fuck off sand nigger
(17:35 / Allies) WATCH_uR_TV_SON: tp[ please
(17:46 / Allies) WATCH_uR_TV_SON: ty
(18:15 / All) YouSaucyFag: Why no shoppe?
(18:20 / All) WATCH_uR_TV_SON: they killed it
(18:23 / All) YouSaucyFag: Ah
(18:35 / All) shadradoo: eric has like 7 heros
(18:37 / All) shadradoo: no fair
(18:44 / All) WATCH_uR_TV_SON: i got a lvl 7
(18:45 / Allies) YouSaucyFag: zzz
(18:48 / All) WATCH_uR_TV_SON: thats all that matters lol
(18:58 / All) shadradoo: 2 exp from 7 haha
(19:08 / All) WATCH_uR_TV_SON: u got no base tho
(19:09 / Allies) YouSaucyFag: lumber?
(19:12 / All) shadradoo: yup
(19:13 / All) shadradoo: im fucked
(19:33 / All) WATCH_uR_TV_SON: NIGGER
(19:34 / All) shadradoo: but i had fun
(19:38 / All) WATCH_uR_TV_SON: tank really?
(19:39 / All) YouSaucyFag: RUH ROH
(19:58 / All) WATCH_uR_TV_SON: nice bm
(19:59 / All) shadradoo: come at me bro
(20:31 / Allies) WATCH_uR_TV_SON: can we end this
(20:34 / All) shadradoo: brodaddyo
(20:59 / All) shadradoo: green you're an asshole lol
(21:00 / Allies) YouSaucyFag: red's castle almost dead
(21:19 / Allies) YouSaucyFag: lumber?
(21:31 / All) shadradoo: i see you sweety
(21:53 / Allies) WATCH_uR_TV_SON: green can u gold me?
(21:58 / Allies) YouSaucyFag: lumber me
(22:15 / Allies) WATCH_uR_TV_SON: brt blue
(22:16 / All) shadradoo: once again my love
(22:33 / All) shadradoo: NOOOO
(22:40 / Allies) WATCH_uR_TV_SON: GUYS
(22:40 / All) meganoob1: bitch
(22:43 / Allies) WATCH_uR_TV_SON: WTF ARE WE DOING
(22:57 / All) shadradoo: well no hero is no fun
(23:01 / All) shadradoo: toodles
(23:15 / All) WobbleWobble: this game sooo boring
(23:21 / All) shadradoo: i had fun
(23:29 / All) WobbleWobble: everyone just doing their own thing haha
(23:54 / All) shadradoo: orange
(23:55 / All) shadradoo: stupid
(24:18 / Allies) YouSaucyFag: god I need lumber
(24:42 / Allies) WATCH_uR_TV_SON: lets go
(25:18 / Allies) YouSaucyFag: fight at the towers
(26:18 / All) shadradoo: its been real
(26:20 / All) shadradoo: its been fun
(26:25 / All) shadradoo: but it hasnt been real fun
(26:25 / All) YouSaucyFag: lots
(26:28 / All) shadradoo: ggg
(26:31 / All) WobbleWobble: gg
(26:32 / All) YouSaucyFag: it's been real fun on this end